 Dungeon Crawl Stone Soup version 0.28.0-43-g3370ac3207 (webtiles) character file.

Game seed: 6202110542179639951

623 nickcage the Carver (level 7, 0/57 HPs)
             Began as a Minotaur Fighter on Mar 7, 2022.
             Was a Follower of Makhleb.
             Slain by an orc priest
             ... wielding a +0 hand axe of electrocution
              (3 damage)
             ... on level 5 of the Dungeon.
             The game lasted 00:07:24 (3634 turns).

nickcage the Carver (Minotaur Fighter)              Turns: 3634, Time: 00:07:24

Health: 0/57       AC:  9    Str: 22    XL:     7   Next: 22%
Magic:  6/6        EV:  9    Int:  5    God:    Makhleb [*.....]
Gold:   241        SH:  4    Dex: 10    Spells: 6/6 levels left

rFire   + . .      SeeInvis .   a - +0 long sword
rCold   + + .      Faith    .   c - +0 buckler
rNeg    . . .      Spirit   .   b - +0 scale mail
rPois   .          Reflect  .   (helmet restricted)
rElec   .          Harm     .   u - scarf {rC+ rF+}
rCorr   .          Rampage  .   o - +1 pair of gloves
Will    .....                   (no boots)
Stlth   ..........              (no amulet)
HPRegen 0.19/turn               e - ring of flight
MPRegen 0.10/turn               t - ring of protection from cold

@: flying
A: horns 2, retaliatory headbutt
a: Renounce Religion


You were on level 5 of the Dungeon.
You worshipped Makhleb.
Makhleb was aware of your devotion.
You visited 1 branch of the dungeon, and saw 5 of its levels.

You collected 241 gold pieces.

Inventory:

Hand Weapons
 a - a +0 long sword (weapon)
Missiles
 g - 9 poisoned darts (quivered)
Armour
 b - a +0 scale mail (worn)
 c - a +0 buckler (worn)
 o - a +1 pair of gloves (worn)
 u - a scarf of resistance (worn)
Jewellery
 e - a ring of flight (left hand)
 p - an amulet of faith
 t - a ring of protection from cold (right hand)
Wands
 q - a wand of iceblast (2)
Scrolls
 h - 2 scrolls of immolation {unknown}
 l - a scroll of identify
 r - 2 scrolls of teleportation
Potions
 d - 3 potions of might
 f - 4 potions of lignification {unknown}
 i - a potion of haste {unknown}
 j - a potion of ambrosia {unknown}
 k - 2 potions of flight
 m - a potion of attraction {unknown}
 n - a potion of heal wounds {unknown}
 s - 3 potions of curing


   Skills:
 - Level 3.6 Fighting
 + Level 9.7 Long Blades
 - Level 3.6 Armour
 - Level 3.6 Shields


You had 6 spell levels left.
You didn't know any spells.
Your spell library contained the following spells:

 Spells                   Type           Power      Damage    Failure   Level
 Malign Gateway           Summ/Tloc      0%         N/A       100%        7
 Summon Horrible Things   Summ           0%         N/A       100%        8


Dungeon Overview and Level Annotations

Branches:
Dungeon (5/15)             Temple (0/1) D:4

Altars:
Dithmenos
Makhleb

Shops:
D:4 =


Innate Abilities, Weirdness & Mutations

You have a pair of horns on your head.
You reflexively headbutt those who attack you in melee.


Message History

You are electrocuted!
The orc priest hits you but does no damage.
You are too injured to fight recklessly!
You are too injured to fight recklessly!
You are too injured to fight recklessly!
You are too injured to fight recklessly!
You hit the orc priest but do no damage.
The orc priest is moderately wounded.
The orc priest mumbles some strange prayers to Beogh against you.
Pain shoots through your body!
* * * LOW HITPOINT WARNING * * *
You block the orc priest's attack.
You hit the orc priest but do no damage.
The orc priest is moderately wounded.
The orc priest calls upon Beogh to heal the orc priest.
The orc priest's wounds heal themselves!
The orc priest hits you but does no damage.
You hit the orc priest. Your headbutt misses the orc priest.
The orc priest is lightly wounded.
The orc priest barely misses you. You furiously retaliate!
You headbutt the orc priest. The orc priest barely misses you.
You hit the orc priest.
You headbutt the orc priest, but do no damage.
The orc priest is heavily wounded.
The orc priest calls upon Beogh to heal the orc priest.
The orc priest is healed somewhat.
The orc priest closely misses you. You block the orc priest's attack.
You hit the orc priest.
The orc priest is moderately wounded.
The orc priest miscasts a cantrip.
You hit the orc priest.
The orc priest is moderately wounded.
The orc priest hits you but does no damage.
You are electrocuted!
* * * LOW HITPOINT WARNING * * *
The orc priest hits you but does no damage.
You closely miss the orc priest.
The orc priest is moderately wounded.
The orc priest hits you with a +0 hand axe of electrocution.
You die...

##[...#.... ...#
#...###... ....# #####
#..# .....# #.## ......
#... ......# ##...
.......## ##....
......o)# ####.....
......o@## ####........
.........####...########
.............#### #
..........####
.........## .......###
......# ...... ..##.


You could see 2 orc priests.

Vanquished Creatures
  2 ogres (D:4)
  A phantom (D:3)
  Blork the orc (D:5)
  2 hounds (D:4)
  Ijyb (D:3)
  An iguana (D:5)
  An orc wizard (D:5)
  The ghost of Icepheonix32 the Sneak, a weakling DsDe (D:5)
  A hound skeleton (D:4)
  3 adders
  An ufetubus (D:4)
  An adder skeleton (D:4)
  3 worms
  4 dart slugs
  An orc (D:5)
  6 bats
  11 endoplasms
  4 giant cockroaches
  11 goblins
  10 hobgoblins
  5 jackals (D:4)
  6 quokkas
  6 ball pythons
  5 frilled lizards
  5 kobolds
  5 rats
98 creatures vanquished.

Notes
Turn   | Place    | Note
-------+----------+-------------------------------------------
     0 | D:1      | nickcage the Minotaur Fighter began the quest for the Orb.
     0 | D:1      | Reached XP level 1. HP: 19/19 MP: 0/0
    87 | D:1      | Reached skill level 3 in Long Blades
   198 | D:1      | Reached XP level 2. HP: 26/26 MP: 1/1
   368 | D:1      | Reached skill level 4 in Long Blades
   541 | D:1      | Reached XP level 3. HP: 31/31 MP: 2/2
  1174 | D:2      | Identified the +2 robe "Ickikk" {rPois Regen+ Stlth+}
  1264 | D:2      | Reached skill level 5 in Long Blades
  1678 | D:3      | Reached XP level 4. HP: 37/39 MP: 3/3
  1727 | D:3      | Found a burning altar of Makhleb.
  1733 | D:3      | Became a worshipper of Makhleb the Destroyer
  1880 | D:3      | Noticed a phantom
  1890 | D:3      | Killed a phantom
  1891 | D:3      | Reached skill level 6 in Long Blades
  1891 | D:3      | Reached XP level 5. HP: 41/45 MP: 4/4
  2037 | D:3      | Noticed Ijyb
  2044 | D:3      | Killed Ijyb
  2048 | D:3      | Reached skill level 7 in Long Blades
  2151 | D:3      | Found a faded altar of an unknown god.
  2345 | D:4      | Noticed an ogre
  2349 | D:4      | Killed an ogre
  2350 | D:4      | Reached XP level 6. HP: 29/51 MP: 5/5
  2529 | D:4      | Reached skill level 8 in Long Blades
  2603 | D:4      | Reached * piety under Makhleb
  2616 | D:4      | Found a shadowy altar of Dithmenos.
  2618 | D:4      | Found Vatewk's Jewellery Shoppe.
  2713 | D:4      | Reached skill level 9 in Long Blades
  2937 | D:4      | Found a staircase to the Ecumenical Temple.
  3199 | D:5      | Entered Level 5 of the Dungeon
  3199 | D:5      | Noticed Blork the orc
  3206 | D:5      | Killed Blork the orc
  3207 | D:5      | Reached XP level 7. HP: 57/57 MP: 6/6
  3292 | D:5      | Found a runed translucent gate.
  3292 | D:5      | Found a runed translucent gate.
  3293 | D:5      | Found a runed translucent gate.
  3295 | D:5      | Noticed Icepheonix32's ghost (weakling DsDe)
  3312 | D:5      | Killed Icepheonix32's ghost
  3633 | D:5      | HP: 2/57 [orc priest/+0 hand axe of electrocution (14)]
  3634 | D:5      | Slain by an orc priest

Illustrated notes

Levels and vault maps discovered:
D:1:      dpeg_arrival_subterranean_lakeside_camping, layout_loops_ring
D:2:      layout_basic, serial_corexii_hall, corexii_hall_statues_x,
          corexii_hall_statues_deadend, chequers_hall_statues_y
D:3:      layout_rooms, mainiacjoe_overflow_boulevard,
          shapermc_ecumenical_altar_hornbeckon, uniq_ijyb
D:4:      layout_cave_pools, nicolae_dithmenos_through_a_glass_darkly,
          minmay_temple_entry_waves, serial_shops, nicolae_shop_crystal,
          cheibrodos_sewer_entry_bend, roderic_serpentine_path
D:5:      layout_cave_pods, ebering_ghost_rock_garden, uniq_blork_the_orc

Skill      XL: |  1  2  3  4  5  6 |
---------------+-------------------+-----
Long Blades    | 3 4 5 6 7 9 |  9.7
Fighting       | |  3.6
Armour         | |  3.6
Shields        | |  3.6

Action                   |  1- 3 |  4- 6 |  7- 9 || total
-------------------------+-------+-------+-------++-------
Melee: Long sword        |   112 |    88 |    23 ||   223
       Headbutt          |    12 |    16 |     4 ||    32
  Use: Scroll            |     5 |     1 |       ||     6
Armor: Scale mail        |    48 |    32 |     8 ||    88
Dodge: Dodged            |    67 |    38 |    10 ||   115
Block: Buckler           |    26 |    15 |     4 ||    45
